 Dungeon Crawl Stone Soup version 0.20-a0-795-ga03948b (webtiles) character file.

132 GagarinX the Slasher (level 4, -3/39 HPs)
             Began as a Minotaur Fighter on Mar 1, 2017.
             Was an Initiate of the Shining One.
             Slain by a gnoll
             ... wielding a +0 spear
              (9 damage)
             ... on level 2 of the Dungeon.
             The game lasted 00:07:06 (2194 turns).

GagarinX the Slasher (Minotaur Fighter)             Turns: 2194, Time: 00:07:07

Health: -3/39      AC:  6    Str: 22    XL:     4   Next: 92%
Magic:  3/3        EV:  9    Int:  5    God:    the Shining One [......]
Gold:   58         SH:  0    Dex:  9    Spells: 3/3 levels left

rFire    . . .     SeeInvis .   a - +0 long sword
rCold    . . .     Gourm    .   b - +0 scale mail
rNeg     . . .     Faith    .   (no shield)
rPois    .         Spirit   .   (helmet restricted)
rElec    .         Reflect  .   (no cloak)
rCorr    .         Harm     .   (no gloves)
MR       .....                  (no boots)
Stlth    ..........             (no amulet)
Regen    0.2/turn               (no ring)
MPRegen  0.1/turn               (no ring)

@: glowing
A: retaliatory headbutt, horns 2
a: Renounce Religion


You were on level 2 of the Dungeon.
You worshipped the Shining One.
The Shining One was noncommittal.
You were not hungry.

You visited 1 branch of the dungeon, and saw 3 of its levels.

You collected 58 gold pieces.

Inventory:

Hand Weapons
 a - a +0 long sword (weapon)
Armour
 b - a +0 scale mail (worn)
 c - a +0 shield
 n - a +0 plate armour
Jewellery
 i - a cursed ring of loudness {unknown}
 o - an uncursed amulet of the gourmand {unknown}
 u - a cursed amulet of inaccuracy {unknown}
Wands
 t - a wand of iceblast (10/15)
Scrolls
 g - 2 scrolls of identify {unknown}
 h - 2 scrolls of teleportation {unknown}
 j - 2 scrolls of remove curse {unknown}
Potions
 d - a potion of might
 e - 3 potions of mutation {unknown}
 l - a potion of heal wounds {unknown}
 m - a potion of degeneration {unknown}
 p - a potion of lignification {unknown}
 q - a potion of curing {unknown}
 s - a potion of flight {unknown}
Comestibles
 f - 2 bread rations
 k - 2 meat rations
 v - 3 fruits


   Skills:
 - Level 3.6 Fighting
 + Level 6.2 Long Blades
 - Level 3.6 Armour
 - Level 3.6 Shields


You had 3 spell levels left.
You didn't know any spells.

Dungeon Overview and Level Annotations

Branches:
Dungeon (3/15)

Altars:
The Shining One


Innate Abilities, Weirdness & Mutations

You reflexively headbutt those who attack you in melee.
You have a pair of horns on your head.


Message History

You hit the gnoll. You headbutt the gnoll.
You kill the gnoll!
The gnoll hits you with a spear.
* * * LOW HITPOINT WARNING * * *
You hit the gnoll.
The gnoll is moderately wounded.
The gnoll barely misses you.
You riposte.
You hit the gnoll.
The gnoll is moderately wounded.
You barely miss the gnoll.
The gnoll is moderately wounded.
The gnoll hits you with a spear.
* * * LOW HITPOINT WARNING * * *
You hit the gnoll but do no damage.
The gnoll is moderately wounded.
The gnoll hits you with a spear.
* * * LOW HITPOINT WARNING * * *
You slash the gnoll!
The gnoll is severely wounded.
The gnoll hits you with a spear!
You die...

#############...#≈§....≈≈#####...
....(...# #.#.#≈......≈#.......
#######.# #.#.#≈......≈######## #
#####.#####.#.#≈......≈# #..... #
#.........#.###≈......≈# #.#### #
#.........#.# #§§.§..≈≈# #.#...
#.........#.####≈§§≈≈≈####.#.##
#####.#####.##)########....#...
#.# #.##@#.#.###.........
#######.#####.##g#.#.............
......#....##.##g#.#####.........
#####.#....##.##g#...............
.#.##.#....##.##s################
.#....#.#####.##.#
.#.####.#####.##.#
.#.............#.#
.#....#.########.#


You could see 3 gnolls and a giant cockroach.

Vanquished Creatures
  Ijyb (D:2)
  Terence (D:2)
  4 adders (D:2)
  A gnoll (D:2)
  3 dart slugs (D:2)
  3 goblins (D:1)
  6 hobgoblins
  4 bats
  A frilled lizard (D:1)
  4 kobolds (D:1)
  7 rats
35 creatures vanquished.

Notes
Turn   | Place    | Note
-------+----------+-------------------------------------------
     0 | D:1      | GagarinX the Minotaur Fighter began the quest for the Orb.
     0 | D:1      | Reached XP level 1. HP: 19/19 MP: 0/0
    93 | D:1      | Reached skill level 3 in Long Blades
   248 | D:1      | Reached XP level 2. HP: 26/26 MP: 1/1
  1005 | D:2      | Noticed Terence
  1015 | D:2      | Killed Terence
  1015 | D:2      | Reached skill level 4 in Long Blades
  1015 | D:2      | Reached XP level 3. HP: 24/31 MP: 2/2
  1084 | D:2      | Found a glowing golden altar of the Shining One.
  1106 | D:2      | Noticed Ijyb
  1113 | D:2      | Killed Ijyb
  1113 | D:2      | Reached skill level 5 in Long Blades
  1113 | D:2      | Reached XP level 4. HP: 36/39 MP: 3/3
  1119 | D:2      | Became a worshipper of the Shining One
  1881 | D:2      | Reached skill level 6 in Long Blades
  2194 | D:2      | Slain by a gnoll

Vault maps used:
D:1:      dpeg_arrival_morbid_curiosity
D:2:      old_standard_altar, kennysheep_another_room, uniq_terence, uniq_iyjb

Skill      XL: |  1  2  3  4 |
---------------+-------------+-----
Long Blades    | 3 4 5 6 |  6.2
Fighting       | |  3.6
Armour         | |  3.6
Shields        | |  3.6

Action                   |  1- 3 |  4- 6 || total
-------------------------+-------+-------++-------
Melee: Long sword        |    49 |    29 ||    78
       Headbutt          |    10 |     4 ||    14
  Eat: Chunk             |     1 |     3 ||     4
Armor: Scale mail        |    30 |    26 ||    56
Dodge: Dodged            |    31 |    23 ||    54
       Rpst.: Long sword |     7 |     6 ||    13
